[Event "January 2 Late 2024"]
[Site "https://www.chess.com"]
[Date "2024.01.02"]
[Round "2"]
[White "Srinath, Rao S.V."]
[Black "RemcoSpr"]
[Result "0-1"]
[Board "146"]
[TimeControl "180+1"]
[WhiteFideId "5028876"]
[WhiteElo "2589"]
[BlackElo "2374"]
[WhiteTeam "IND"]
[WhiteClock "0:00:50"]
[BlackClock "0:00:13"]

1. e4 d6 2. Nf3 Nf6 3. c3 Nbd7 4. Bd3 g6 5. O-O Bg7 6. Bc2 O-O 7. d4 e5 8. Re1 Re8 9. d5 a5 10. a4 Nf8 11. b4 Nh5 12. Bg5 Bf6 13. Bxf6 Qxf6 14. bxa5 Rxa5 15. Nbd2 Nf4 16. Nc4 Ra8 17. a5 h6 18. Ne3 Nh7 19. c4 Ng5 20. Nxg5 Qxg5 21. Qf3 h5 22. Qg3 Qf6 23. h4 Ra7 24. Ba4 Rf8 25. Bb5 Kh7 26. Ra2 Rg8 27. Qg5 Qg7 28. Qe7 f6 29. Qxg7+ Rxg7 30. c5 dxc5 31. Rc1 b6 32. Rca1 Bd7 33. axb6 Rxa2 34. Rxa2 cxb6 35. Rb2 Bxb5 36. Rxb5 Ne2+ 37. Kf1 Nc3 38. Rxb6 Nxe4 39. Nc4 Rd7 40. d6 Kg7 41. f3 Ng3+ 42. Kf2 Nf5 43. g3 Kf7 44. Rc6 Ke6 45. Rxc5 Nxd6 46. Nb6 Rb7 47. Rc6 Ke7 48. Nd5+ Kd7 49. Rc2 f5 50. Rd2 Ke6 51. Ne3 Rb3 52. Ra2 e4 53. f4 Rd3 54. Rc2 Nb5 55. Rc6+ Rd6 56. Rc5 Nd4 57. Re5+ Kf6 58. Nd5+ Kf7 59. Ne3 Nf3 60. Ra5 Rd2+ 61. Kf1 Rb2 62. Nc4 Rb1+ 63. Kf2 Rc1 64. Nd6+ Ke6 65. Ne8 Rc2+ 66. Ke3 Rc3+ 67. Ke2 Nd4+ 68. Kf2 e3+ 69. Kg2 Rc2+ 70. Kf1 Rf2+ 71. Kg1 Nf3+ 72. Kh1 Rh2# 0-1

[Event "January 2 Late 2024"]
[Site "https://www.chess.com"]
[Date "2024.01.02"]
[Round "2"]
[White "Gao, Raymond"]
[Black "Grycel, Kamil"]
[Result "0-1"]
[Board "147"]
[TimeControl "180+1"]
[WhiteFideId "2629429"]
[BlackFideId "1115499"]
[WhiteElo "2373"]
[BlackElo "2581"]
[WhiteTeam "CAN"]
[BlackTeam "POL"]
[WhiteClock "0:00:05"]
[BlackClock "0:00:25"]

1. e4 d6 2. d4 Nf6 3. Nc3 c6 4. Bc4 b5 5. Bd3 b4 6. Nce2 e5 7. Nf3 Nbd7 8. O-O Be7 9. Ng3 g6 10. Bh6 Qc7 11. Qe2 Bf8 12. Bxf8 Kxf8 13. c4 Kg7 14. Qe3 h6 15. h4 c5 16. d5 a5 17. h5 Ng4 18. Qd2 Ndf6 19. Nh4 Nxh5 20. Nhf5+ Kf8 21. Nxh5 gxh5 22. Be2 Bxf5 23. exf5 Qe7 24. Qd3 Qh4 25. Qh3 Qxh3 26. gxh3 Nf6 27. a3 Ke7 28. Kh2 Ne4 29. Bxh5 Kf6 30. Rfe1 Nd2 31. Rac1 Nb3 32. Rc2 Nd4 33. Rd2 bxa3 34. bxa3 Rab8 35. Rdd1 Rb3 36. Rb1 Rhb8 37. Rxb3 Rxb3 38. Rc1 Rxa3 39. Rb1 Rb3 40. Ra1 Rb2 41. Rxa5 Rxf2+ 42. Kg1 Rxf5 43. Bg4 Rg5 44. Ra7 h5 45. Kf2 hxg4 46. h4 Rg8 47. Kg3 Nf5+ 48. Kg2 Nxh4+ 49. Kh2 Ng6 50. Kg3 0-1

[Event "January 2 Late 2024"]
[Site "https://www.chess.com"]
[Date "2024.01.02"]
[Round "2"]
[White "Potapova, Margarita"]
[Black "Marcziter, Dmitrii"]
[Result "1-0"]
[Board "148"]
[TimeControl "180+1"]
[WhiteFideId "14126869"]
[BlackFideId "13900765"]
[WhiteElo "2578"]
[BlackElo "2369"]
[WhiteTeam "RUS"]
[BlackTeam "GER"]
[WhiteClock "0:00:35"]
[BlackClock "0:01:09"]

1. Nf3 Nf6 2. d4 g6 3. c4 Bg7 4. Nc3 O-O 5. e4 d6 6. h3 Na6 7. Be3 c5 8. d5 e6 9. Bd3 Re8 10. O-O Nc7 11. a4 a6 12. Qd2 Rb8 13. Rfe1 exd5 14. exd5 b5 15. Bf4 bxc4 16. Bxc4 Bf5 17. a5 Rb4 18. b3 Ne4 19. Nxe4 Bxe4 20. Rad1 Bxf3 21. gxf3 Rxe1+ 22. Rxe1 Nb5 23. Qe3 Qf6 24. Qe8+ Bf8 25. Bh6 Qg7 26. Bxg7 Kxg7 27. Bxb5 Rxb5 28. Qxb5 axb5 29. a6 1-0

[Event "January 2 Late 2024"]
[Site "https://www.chess.com"]
[Date "2024.01.02"]
[Round "2"]
[White "Sokolov, Andrei"]
[Black "Lin, Bryan Enming"]
[Result "0-1"]
[Board "149"]
[TimeControl "180+1"]
[WhiteFideId "11600306"]
[BlackFideId "30987121"]
[WhiteElo "2369"]
[BlackElo "2562"]
[WhiteTeam "LAT"]
[BlackTeam "USA"]
[WhiteClock "0:00:04"]
[BlackClock "0:00:54"]

1. d4 Nf6 2. c4 g6 3. Nc3 Bg7 4. e4 d6 5. h3 O-O 6. Be3 c5 7. dxc5 Qa5 8. Bd3 dxc5 9. Ne2 Nc6 10. O-O Rd8 11. Qb1 Ne5 12. Rd1 Be6 13. Nd5 Bxd5 14. exd5 b5 15. cxb5 c4 16. Be4 Nxe4 17. Qxe4 Qxb5 18. Rab1 f5 19. Qc2 Rxd5 20. Rxd5 Qxd5 21. Nf4 Qc6 22. Rd1 Qe4 23. Qxe4 fxe4 24. Nd5 Kf7 25. Nc3 Nd3 26. Rd2 Bxc3 27. bxc3 a5 28. Bd4 a4 29. Kf1 e5 30. Be3 Rb8 31. Ke2 Rb1 32. f3 Re1# 0-1

[Event "January 2 Late 2024"]
[Site "https://www.chess.com"]
[Date "2024.01.02"]
[Round "2"]
[White "Li, Tedric"]
[Black "Yurasov, Matfey"]
[Result "0-1"]
[Board "150"]
[TimeControl "180+1"]
[WhiteFideId "3242897"]
[BlackFideId "55617603"]
[WhiteElo "2369"]
[BlackElo "2558"]
[WhiteTeam "AUS"]
[BlackTeam "FID"]
[WhiteClock "0:01:32"]
[BlackClock "0:02:18"]

1. d4 d5 2. c4 c6 3. Nf3 Nf6 4. Nc3 dxc4 5. a4 Bf5 6. e3 e6 7. Bxc4 Bb4 8. O-O O-O 9. Bd3 Bxd3 10. Qxd3 Nbd7 11. Rd1 Qe7 12. e4 e5 13. Bg5 h6 14. Bh4 Rad8 15. dxe5 Nxe5 16. Qe2 Rfe8 17. Nd4 Ng6 18. Nf5 Qe6 19. Bxf6 Qxf6 20. Rxd8 Rxd8 21. Qc2 Nf4 22. g3 Ne6 23. Ne2 Rd2 24. Qc4 Qxb2 25. Re1 Rc2 0-1

[Event "January 2 Late 2024"]
[Site "https://www.chess.com"]
[Date "2024.01.02"]
[Round "2"]
[White "Womacka, Mathias"]
[Black "Todev, Simeon"]
[Result "0-1"]
[Board "151"]
[TimeControl "180+1"]
[WhiteFideId "4611390"]
[BlackFideId "2925133"]
[WhiteElo "2556"]
[BlackElo "2366"]
[WhiteTeam "GER"]
[BlackTeam "BUL"]
[WhiteClock "0:00:00"]
[BlackClock "0:00:05"]

1. e4 g6 2. d4 Bg7 3. Nc3 d6 4. f4 Nc6 5. Be3 Nf6 6. Nf3 O-O 7. e5 dxe5 8. dxe5 Ng4 9. Bg1 f6 10. Bc4+ Kh8 11. Qxd8 Rxd8 12. h3 Nh6 13. exf6 Bxf6 14. g4 Bg7 15. Be3 b5 16. Bxb5 Bb7 17. O-O Nb4 18. Ba4 Nd5 19. Nxd5 Bxd5 20. Ne5 Nf7 21. Nxf7+ Bxf7 22. c3 Rab8 23. Rad1 Bxa2 24. Bxa7 Ra8 25. Rxd8+ Rxd8 26. Bc5 Bc4 27. Re1 e5 28. fxe5 Be6 29. Bd4 Rb8 30. b4 Rd8 31. Bc6 Bh6 32. Ra1 Rf8 33. Ra8 Rxa8 34. Bxa8 Kg7 35. Kf2 Kf7 36. Kf3 Bd2 37. Ke4 Ke7 38. Bd5 Bd7 39. Bc5+ Ke8 40. c4 h5 41. gxh5 Bf5+ 42. Kf3 gxh5 43. h4 Be1 44. e6 Bxh4 45. Kf4 Bg6 46. Ke5 Be7 47. Bc6+ Kd8 48. Bxe7+ Kxe7 49. b5 h4 50. Bg2 Bd3 0-1

[Event "January 2 Late 2024"]
[Site "https://www.chess.com"]
[Date "2024.01.02"]
[Round "2"]
[White "Kotlyar, Kirill"]
[Black "Pullela, Sricharan"]
[Result "1-0"]
[Board "152"]
[TimeControl "180+1"]
[WhiteFideId "24145599"]
[BlackFideId "30951089"]
[WhiteElo "2550"]
[BlackElo "2365"]
[WhiteTeam "RUS"]
[BlackTeam "USA"]
[WhiteClock "0:00:11"]
[BlackClock "0:00:52"]

1. e4 c5 2. Nf3 Nc6 3. d4 cxd4 4. Nxd4 Nf6 5. Qd3 e5 6. Nf3 Bc5 7. Bg5 h6 8. Bh4 g5 9. Bg3 Qe7 10. Nc3 d6 11. Be2 O-O 12. h4 g4 13. Nh2 h5 14. a3 a6 15. O-O-O Nd4 16. f3 Be6 17. fxg4 Nxg4 18. Nxg4 hxg4 19. h5 f5 20. Bh4 Qh7 21. exf5 Bxf5 22. Qc4+ Kh8 23. Bd3 b5 24. Qd5 Nxc2 25. Bxc2 Bxc2 26. Rde1 a5 27. Be7 Rf2 28. Bg5 a4 29. Nxb5 Bb3 30. Qxa8+ Bg8 31. Qe4 Qxe4 32. Rxe4 Bd5 33. Ree1 Bxg2 34. Rh2 g3 35. Rh4 Bd5 36. Nc3 g2 37. Rg4 Bb3 38. Bh4 Rc2+ 39. Kb1 g1=Q 40. Rgxg1 Bxg1 41. Rxg1 Rh2 42. Bf6+ Kh7 43. Rg7+ Kh6 44. Rg1 Kxh5 45. Be7 d5 46. Bd6 e4 47. Bxh2 d4 48. Nxe4 d3 49. Nd2 Bc2+ 50. Kc1 Kh4 51. Be5 Kh3 52. Nf3 d2+ 53. Kxd2 Bb3 54. Rg3# 1-0

[Event "January 2 Late 2024"]
[Site "https://www.chess.com"]
[Date "2024.01.02"]
[Round "2"]
[White "Obon Temprano, Sergi"]
[Black "RaugintaBulba"]
[Result "0-1"]
[Board "153"]
[TimeControl "180+1"]
[WhiteFideId "2226545"]
[WhiteElo "2364"]
[BlackElo "2539"]
[WhiteTeam "ESP"]
[WhiteClock "0:00:09"]
[BlackClock "0:01:18"]

1. Nf3 Nf6 2. c4 g6 3. Nc3 d6 4. g3 Bg7 5. Bg2 O-O 6. O-O Nc6 7. d3 e5 8. Rb1 a5 9. a3 Re8 10. b4 axb4 11. axb4 e4 12. Nd2 exd3 13. exd3 Ng4 14. Ne2 Nge5 15. Ne4 Bf5 16. Bg5 f6 17. Bd2 Nxd3 18. Qc2 Rxe4 19. Bxe4 Bxe4 20. f3 Bf5 21. g4 Ndxb4 22. Qb3 Bxb1 23. Rxb1 Na6 24. Nf4 Nc5 25. Qd1 Ne5 26. Nd5 Ra3 27. Bb4 Rxf3 28. Bxc5 dxc5 29. Rxb7 Rd3 30. Qf1 Rxd5 31. cxd5 Qxd5 32. Rxc7 Nf3+ 33. Kf2 Nxh2 34. Qb5 Qf3+ 35. Ke1 Qg3+ 36. Kd2 Qxc7 37. Qe8+ Bf8 38. Qe6+ Qf7 0-1

[Event "January 2 Late 2024"]
[Site "https://www.chess.com"]
[Date "2024.01.02"]
[Round "2"]
[White "Van der Werf, Mark"]
[Black "Martinez Reyes, Pedro Ramon"]
[Result "0-1"]
[Board "154"]
[TimeControl "180+1"]
[WhiteFideId "1000470"]
[BlackFideId "3901807"]
[WhiteElo "2362"]
[BlackElo "2528"]
[WhiteTeam "NED"]
[BlackTeam "VEN"]
[WhiteClock "0:00:10"]
[BlackClock "0:00:36"]

1. c4 e5 2. Nc3 Nf6 3. Nf3 Nc6 4. g3 Bc5 5. Bg2 d6 6. O-O O-O 7. d3 Ne7 8. a3 Ng6 9. b4 Bb6 10. Na4 Bd7 11. Nxb6 axb6 12. Bb2 Re8 13. Nd2 Bc6 14. e4 Bd7 15. d4 Qc8 16. Qe2 Bh3 17. f3 c5 18. dxe5 dxe5 19. b5 Rd8 20. Rad1 h6 21. Nb1 Rxd1 22. Rxd1 Nh7 23. Bxh3 Qxh3 24. Nc3 Ng5 25. Nd5 Rf8 26. Ne3 Ne7 27. Bxe5 f5 28. exf5 Nxf5 29. Nxf5 Rxf5 30. f4 Ne6 31. Rd6 Rh5 32. Rxb6 Nd4 33. Bxd4 cxd4 34. Qe6+ Qxe6 35. Rxe6 Rc5 36. Rb6 Rxc4 37. Rxb7 Ra4 38. Rd7 Rxa3 39. b6 Rb3 40. b7 Kh7 41. Kf2 Rb2+ 42. Kf3 d3 43. Ke3 d2 44. Rxd2 Rxb7 45. Rd3 Re7+ 46. Kf3 Ra7 47. Ke3 Ra1 48. Kf3 Rh1 49. Kg2 Rb1 50. Kf3 Rb2 51. h4 h5 52. Re3 Kg6 53. Rd3 Rb6 54. Rd5 Rb3+ 55. Kg2 Re3 56. Kh3 Kh6 57. Rg5 g6 58. Rd5 Kg7 59. Rg5 Kf6 60. Rd5 Re1 61. Rg5 Rh1+ 62. Kg2 Ra1 63. Kh3 Ra2 64. Re5 Rd2 65. Re4 Kf5 66. Re5+ Kf6 67. Re4 Rd5 68. Re3 Kf5 69. Re8 Rd1 70. Rf8+ Ke4 71. Re8+ Kf3 72. Ra8 Rh1# 0-1

[Event "January 2 Late 2024"]
[Site "https://www.chess.com"]
[Date "2024.01.02"]
[Round "2"]
[White "Berezin, Viktor"]
[Black "Bueno, Alfeu Junior Varela"]
[Result "0-1"]
[Board "155"]
[TimeControl "180+1"]
[WhiteFideId "14107872"]
[BlackFideId "2108879"]
[WhiteElo "2518"]
[BlackElo "2359"]
[WhiteTeam "UKR"]
[BlackTeam "BRA"]
[WhiteClock "0:00:03"]
[BlackClock "0:00:05"]

1. d4 e6 2. Nf3 f5 3. g3 b6 4. Bg2 Bb7 5. O-O Nf6 6. c4 Be7 7. Nc3 Ne4 8. d5 Nxc3 9. bxc3 O-O 10. Bf4 Na6 11. Nd4 Qc8 12. e4 Bf6 13. e5 Be7 14. Re1 Nc5 15. a4 a5 16. Nb5 Rb8 17. Rb1 Ba6 18. d6 cxd6 19. exd6 Bf6 20. Nc7 Bxc4 21. Be5 Bxe5 22. Rxe5 f4 23. Qd4 Bd3 24. Rg5 Rf7 25. Rd1 Bc2 26. Rd2 Bg6 27. h4 Nb3 28. Qe5 Nxd2 29. h5 Rf5 30. Rxf5 Bxf5 31. h6 Qf8 32. Qb5 fxg3 33. fxg3 Qf7 34. hxg7 Qxg7 35. Qe2 Nb3 36. Nd5 exd5 37. Bxd5+ Kh8 38. Bxb3 Rf8 39. Kg2 Qf6 40. Qh5 Bg6 41. Qd5 Qf1+ 42. Kh2 Rf2+ 0-1

[Event "January 2 Late 2024"]
[Site "https://www.chess.com"]
[Date "2024.01.02"]
[Round "2"]
[White "Semenenko, Dmytry"]
[Black "Bold, Andre"]
[Result "0-1"]
[Board "156"]
[TimeControl "180+1"]
[WhiteFideId "14118645"]
[BlackFideId "16208471"]
[WhiteElo "2359"]
[BlackElo "2517"]
[WhiteTeam "UKR"]
[BlackTeam "GER"]
[WhiteClock "0:00:09"]
[BlackClock "0:00:05"]

1. Nf3 d5 2. c4 c6 3. e3 Nf6 4. Nc3 e6 5. d4 Nbd7 6. Bd3 Bd6 7. O-O O-O 8. e4 dxe4 9. Nxe4 Nxe4 10. Bxe4 Nf6 11. Bc2 c5 12. Qd3 cxd4 13. Bg5 g6 14. Qxd4 Be7 15. Qh4 Re8 16. Ne5 Nd7 17. Nxf7 Bxg5 18. Nxg5 Nf8 19. Rad1 Qf6 20. Rd3 Qg7 21. Rf3 h6 22. Nf7 h5 23. Qg5 e5 24. Nh6+ Kh8 25. Rf7 Be6 26. Rxg7 Kxg7 27. Nf5+ Bxf5 28. Bxf5 Kf7 29. Be4 Rad8 30. Bd5+ Kg7 31. Re1 Nh7 32. Qg3 Nf6 33. Rxe5 Nxd5 34. h3 Nf6 35. Rxe8 Rxe8 36. Qc7+ Kf8 37. Qxb7 Re7 38. Qc8+ Kf7 39. Qd8 Ne4 40. Qd5+ Kf6 41. c5 Re5 42. Qd8+ Ke6 43. c6 Nd6 44. Qd7+ Kd5 45. c7 Re1+ 46. Kh2 Rc1 47. b4 Rc4 48. b5 Rc5 49. a4 g5 50. a5 g4 51. b6 axb6 52. axb6 gxh3 53. Kxh3 Rc3+ 54. Kh2 Ke5 55. Qxd6+ Kxd6 56. g3 Kd7 0-1

[Event "January 2 Late 2024"]
[Site "https://www.chess.com"]
[Date "2024.01.02"]
[Round "2"]
[White "Khodabandeh, Milad"]
[Black "Shapiro, Viktor"]
[Result "1-0"]
[Board "157"]
[TimeControl "180+1"]
[WhiteFideId "12538620"]
[BlackFideId "4175700"]
[WhiteElo "2357"]
[BlackElo "2517"]
[WhiteTeam "IRI"]
[BlackTeam "RUS"]
[WhiteClock "0:00:30"]
[BlackClock "0:00:48"]

1. e4 Nf6 2. e5 Nd5 3. d4 d6 4. c4 Nb6 5. f4 dxe5 6. fxe5 c5 7. d5 g6 8. Nc3 Bg7 9. Bf4 O-O 10. Nf3 Bg4 11. h3 Bxf3 12. Qxf3 e6 13. Rd1 exd5 14. cxd5 N8d7 15. Qg3 Bxe5 16. Bb5 Bxf4 17. Qxf4 Re8+ 18. Kf2 a6 19. Bxd7 Nxd7 20. d6 Qf6 21. Kg3 Qxf4+ 22. Kxf4 Nf6 23. Rhe1 Rxe1 24. Rxe1 Rd8 25. Rd1 b5 26. Ne4 Nxe4 27. Kxe4 c4 28. Kd5 Kf8 29. Kc6 b4 30. d7 c3 31. bxc3 bxc3 32. Kc7 c2 33. Re1 Ra8 34. d8=Q+ Rxd8 35. Kxd8 1-0

[Event "January 2 Late 2024"]
[Site "https://www.chess.com"]
[Date "2024.01.02"]
[Round "2"]
[White "Korpics, Zsolt"]
[Black "Kleibel, Uwe"]
[Result "1-0"]
[Board "158"]
[TimeControl "180+1"]
[WhiteFideId "705241"]
[BlackFideId "1270982"]
[WhiteElo "2517"]
[BlackElo "2354"]
[WhiteTeam "HUN"]
[BlackTeam "GER"]
[WhiteClock "0:01:51"]
[BlackClock "0:02:20"]

1. e4 e5 2. Nf3 Nc6 3. Bb5 a6 4. Ba4 Nf6 5. O-O Be7 6. Re1 b5 7. Bb3 d6 8. c3 O-O 9. h3 Nb8 10. d4 Nbd7 11. Nbd2 c5 12. Nf1 cxd4 13. cxd4 exd4 14. Nxd4 Bb7 15. Ng3 Re8 16. Ndf5 Nc5 17. Nxe7+ Qxe7 18. Nf5 Qe5 19. f4 Qxf5 20. exf5 Nxb3 21. axb3 1-0

[Event "January 2 Late 2024"]
[Site "https://www.chess.com"]
[Date "2024.01.02"]
[Round "2"]
[White "Pein, Jonathan"]
[Black "Weisz, Bryan"]
[Result "0-1"]
[Board "159"]
[TimeControl "180+1"]
[WhiteFideId "417092"]
[BlackFideId "30934133"]
[WhiteElo "2352"]
[BlackElo "2516"]
[WhiteTeam "ENG"]
[BlackTeam "USA"]
[WhiteClock "0:02:24"]
[BlackClock "0:02:27"]

1. d4 e6 2. e4 d5 3. Nd2 Nc6 4. Ngf3 Nf6 5. e5 Nd7 6. c3 f6 7. exf6 Qxf6 8. Bd3 Bd6 9. h4 O-O 10. Ng5 Qxf2# 0-1

[Event "January 2 Late 2024"]
[Site "https://www.chess.com"]
[Date "2024.01.02"]
[Round "2"]
[White "Bijaoui, Manuel"]
[Black "Bernat, David"]
[Result "1/2-1/2"]
[Board "160"]
[TimeControl "180+1"]
[WhiteFideId "626783"]
[BlackFideId "2099225"]
[WhiteElo "2516"]
[BlackElo "2351"]
[WhiteTeam "FRA"]
[BlackTeam "USA"]
[WhiteClock "0:00:47"]
[BlackClock "0:00:11"]

1. e4 c5 2. Nf3 g6 3. d4 cxd4 4. Nxd4 Nc6 5. c4 Nf6 6. Nc3 d6 7. Be2 Nxd4 8. Qxd4 Bg7 9. Be3 O-O 10. Qd2 Be6 11. Rc1 Qa5 12. f3 Rfc8 13. Nd5 Qxd2+ 14. Kxd2 Nxd5 15. cxd5 Bd7 16. b3 Bb2 17. Rc2 Rxc2+ 18. Kxc2 Bg7 19. Kd2 Rc8 20. Rc1 Rxc1 21. Kxc1 b6 22. a4 f5 23. Bb5 Bxb5 24. axb5 Kf7 25. Kc2 fxe4 26. fxe4 e6 27. Kd3 exd5 28. exd5 Be5 29. h3 Kf6 30. Ke4 h5 31. g4 hxg4 32. hxg4 Kf7 33. Bg5 Bf6 34. Bf4 Ke7 35. Be3 Be5 36. Bg5+ Kd7 37. Bh4 Bg7 38. Kf4 Bh6+ 39. Bg5 Bg7 40. Bh4 Bh6+ 41. Ke4 Bg7 42. Bg3 Ke7 43. Bf4 Bf6 44. Be3 Kd7 45. Kf4 Ke7 46. Bf2 Be5+ 47. Kg5 Kf7 48. Kh6 Bf4+ 49. Kh7 Kf6 50. Bd4+ Be5 51. g5+ Kxg5 52. Bxe5 dxe5 53. Kg7 Kf5 54. Kf7 e4 55. d6 e3 56. d7 e2 57. d8=Q e1=Q 58. Qf6+ Kg4 59. Qxg6+ Kf3 60. Qf6+ Kg4 61. Qe6+ Qxe6+ 62. Kxe6 Kf4 63. Kd6 Ke4 64. Kc6 Kd4 65. Kb7 Kc5 66. Ka6 Kb4 67. Kxa7 Kxb5 68. Kb7 Kc5 69. Ka6 Kc6 70. b4 Kc7 71. b5 Kc8 72. Ka7 Kc7 73. Ka6 Kc8 74. Kxb6 Kb8 75. Ka6 Ka8 76. Ka5 Ka7 77. Kb4 Kb6 78. Kc4 Kb7 79. Kd5 Kb6 80. Kc4 Kb7 1/2-1/2

[Event "January 2 Late 2024"]
[Site "https://www.chess.com"]
[Date "2024.01.02"]
[Round "2"]
[White "Osmak, Yuliia"]
[Black "Melamed, Daniel"]
[Result "1-0"]
[Board "161"]
[TimeControl "180+1"]
[WhiteFideId "14101602"]
[BlackFideId "3229076"]
[WhiteElo "2516"]
[BlackElo "2349"]
[WhiteTeam "UKR"]
[BlackTeam "AUS"]
[WhiteClock "0:00:14"]
[BlackClock "0:00:01"]

1. Nf3 Nf6 2. g3 e6 3. Bg2 d5 4. c4 a6 5. b3 Be7 6. O-O O-O 7. Bb2 b5 8. cxd5 exd5 9. d4 c6 10. Nbd2 Re8 11. Rc1 Bg4 12. Ne5 Bd7 13. Ndf3 Bd6 14. h3 a5 15. Qc2 a4 16. Ng5 Re7 17. e4 h6 18. Nxd7 Qxd7 19. e5 hxg5 20. exf6 gxf6 21. Qd1 Qf5 22. Bf3 Qxh3 23. Bg4 Qh7 24. Qf3 Kg7 25. Bf5 Qh8 26. Kg2 axb3 27. axb3 Ra2 28. Ba1 Ree2 29. Bd3 Red2 30. Bc3 Rxd3 31. Qxd3 Qh7 32. Qxh7+ Kxh7 33. Ra1 Rc2 34. Rfc1 Rxc1 35. Rxc1 Nd7 36. b4 Kg6 37. Ra1 Nb6 38. Ra6 Bc7 39. g4 f5 40. Ra7 Bd8 41. gxf5+ Kf6 42. Kf3 Nc4 43. Kg4 Nd6 44. Ra6 Ne4 45. Rxc6+ Kg7 46. f3 Nf2+ 47. Kg3 Nd3 48. Kg4 Bf6 49. Bd2 Nf2+ 50. Kg3 Nd3 51. Kg2 Nf4+ 52. Bxf4 gxf4 53. Rc5 Bxd4 54. Rxd5 Bc3 55. Rxb5 Kf6 56. Kf2 Kg5 57. Ke2 Kh4 58. Kd3 Be1 59. Ke4 Kg3 60. Rb8 f6 61. b5 Bf2 62. Rg8+ Kh2 63. Rg6 Bc5 64. Rxf6 Kg3 65. Rc6 1-0

[Event "January 2 Late 2024"]
[Site "https://www.chess.com"]
[Date "2024.01.02"]
[Round "2"]
[White "Matta, Nicholas"]
[Black "Doluhanova, Evgeniya"]
[Result "1-0"]
[Board "162"]
[TimeControl "180+1"]
[WhiteFideId "30914523"]
[BlackFideId "14112035"]
[WhiteElo "2514"]
[BlackElo "2347"]
[WhiteTeam "USA"]
[BlackTeam "UKR"]
[WhiteClock "0:00:23"]
[BlackClock "0:00:04"]

1. Nf3 Nf6 2. g3 c5 3. Bg2 Nc6 4. O-O b6 5. d4 cxd4 6. Nxd4 Bb7 7. c4 g6 8. Nc3 Bg7 9. b3 O-O 10. Bb2 Qc8 11. Nd5 Nxd5 12. cxd5 Nxd4 13. Bxd4 e5 14. Bb2 d6 15. Rc1 Qd7 16. Qd3 Rac8 17. h4 f5 18. e4 f4 19. Kh2 g5 20. hxg5 Qf7 21. gxf4 Qxf4+ 22. Qg3 Qd2 23. Ba3 Rxc1 24. Bxc1 Qxa2 25. g6 h6 26. Bh3 Bc8 27. Bxc8 Rxc8 28. Qg4 Rf8 29. Qe6+ Kh8 30. Be3 Qe2 31. Kg2 Qd3 32. Qg4 Re8 33. Rh1 Kg8 34. Bxh6 Bxh6 35. Rxh6 Qd2 36. Qh5 Qf4 37. Rh8+ Kg7 38. Qh7+ Kf6 39. Qf7+ Kg5 40. Qxf4+ 1-0

[Event "January 2 Late 2024"]
[Site "https://www.chess.com"]
[Date "2024.01.02"]
[Round "2"]
[White "Ramos Rivera, Jesse James"]
[Black "Davidson, Kevin"]
[Result "1-0"]
[Board "163"]
[TimeControl "180+1"]
[WhiteFideId "3103250"]
[BlackFideId "2056810"]
[WhiteElo "2346"]
[BlackElo "2513"]
[WhiteTeam "PUR"]
[BlackTeam "USA"]
[WhiteClock "0:00:18"]
[BlackClock "0:00:03"]

1. e4 c5 2. Nf3 d6 3. d4 cxd4 4. Nxd4 Nf6 5. Nc3 a6 6. Bg5 e6 7. Bc4 b5 8. Bb3 Be7 9. a3 O-O 10. Qe2 Bb7 11. O-O-O Nbd7 12. f3 Qc7 13. Kb1 Nc5 14. h4 Nxb3 15. cxb3 Rac8 16. Rc1 Qb8 17. h5 Rfe8 18. g4 Rc5 19. Be3 Rec8 20. g5 Nd7 21. g6 Bf6 22. Qh2 d5 23. gxf7+ Kxf7 24. Qh3 Nf8 25. exd5 exd5 26. Nf5 Rxc3 27. bxc3 Bxc3 28. Qg4 Bf6 29. Bf4 Rxc1+ 30. Rxc1 Qa7 31. Rc7+ Ke8 32. Nxg7+ Kd8 33. Ne6+ Nxe6 34. Qxe6 Qg1+ 35. Rc1 Qd4 36. Bc7# 1-0

[Event "January 2 Late 2024"]
[Site "https://www.chess.com"]
[Date "2024.01.02"]
[Round "2"]
[White "Gavrilov, Maxim"]
[Black "Dubreuil, Julien"]
[Result "1/2-1/2"]
[Board "164"]
[TimeControl "180+1"]
[WhiteFideId "24271454"]
[BlackFideId "621285"]
[WhiteElo "2513"]
[BlackElo "2343"]
[WhiteTeam "RUS"]
[BlackTeam "FRA"]
[WhiteClock "0:00:07"]
[BlackClock "0:00:10"]

1. d4 d5 2. Nf3 Nf6 3. c4 e6 4. g3 dxc4 5. Bg2 Bd7 6. Ne5 Bc6 7. Nxc6 Nxc6 8. Bxc6+ bxc6 9. O-O c5 10. dxc5 Qxd1 11. Rxd1 Bxc5 12. Nd2 O-O-O 13. Kf1 Ng4 14. e3 Nxh2+ 15. Ke2 Ng4 16. Nxc4 Rxd1 17. Kxd1 Nxf2+ 18. Ke2 Ne4 19. Kf3 f5 20. b3 h5 21. Bb2 h4 22. gxh4 Rxh4 23. Bxg7 Rh3+ 24. Ke2 Nc3+ 25. Bxc3 f4 26. Bd4 f3+ 27. Kf2 Be7 28. Ne5 Bh4+ 29. Kg1 Bf6 30. Rf1 c5 31. Bc3 Rh5 32. Rxf3 Bxe5 33. Bxe5 Rxe5 34. Kf2 c4 35. bxc4 Ra5 36. Rf6 Kd7 37. Rf7+ Kd6 38. Kf3 Ke5 39. Rh7 Rxa2 40. Rh5+ Kd6 41. Rh6 a5 42. Ke4 Rc2 43. Kd3 Rc1 44. Rh8 a4 45. Ra8 Ra1 46. Kd4 a3 47. Ra6+ Kd7 48. Ke5 a2 49. Ra7+ Kc6 50. Kxe6 Kc5 51. e4 Kd4 52. e5 Re1 53. Rxa2 Rxe5+ 54. Kd6 Rh5 55. c5 Rd5+ 56. Ke6 Rxc5 57. Ra4+ Kc3 58. Ra3+ Kb4 59. Rh3 Rc4 60. Kf5 Kc5 61. Kg5 Kd5 62. Rh5 Re4 63. Kg6+ Kd4 64. Rg5 Ke3 65. Kh5 Kf4 66. Ra5 Re5+ 67. Rxe5 Kxe5 1/2-1/2

[Event "January 2 Late 2024"]
[Site "https://www.chess.com"]
[Date "2024.01.02"]
[Round "2"]
[White "Jimenez Almeida, Luis David"]
[Black "Jahnz, Fabian"]
[Result "1-0"]
[Board "165"]
[TimeControl "180+1"]
[WhiteFideId "22242244"]
[BlackFideId "4653300"]
[WhiteElo "2510"]
[BlackElo "2342"]
[WhiteTeam "ESP"]
[BlackTeam "GER"]
[WhiteClock "0:01:02"]
[BlackClock "0:00:18"]

1. e4 c6 2. Nc3 d5 3. Qf3 dxe4 4. Nxe4 Nf6 5. Bc4 e6 6. Ne2 Nbd7 7. d4 Nxe4 8. Qxe4 Nf6 9. Qf3 Bd6 10. O-O Qc7 11. h3 Bd7 12. Bg5 Nd5 13. Rfe1 h6 14. Bd2 O-O 15. c3 b5 16. Bd3 a5 17. b3 Nf6 18. Bxh6 b4 19. c4 c5 20. Bg5 Be7 21. d5 exd5 22. Nf4 Bc6 23. cxd5 Bb7 24. Rxe7 Qxe7 25. Nh5 Qe5 26. Nxf6+ gxf6 27. Bxf6 Bxd5 28. Qg4+ 1-0

[Event "January 2 Late 2024"]
[Site "https://www.chess.com"]
[Date "2024.01.02"]
[Round "2"]
[White "CRObliterator"]
[Black "Leyva Proenza, Richard"]
[Result "1-0"]
[Board "166"]
[TimeControl "180+1"]
[BlackFideId "3500985"]
[WhiteElo "2339"]
[BlackElo "2510"]
[BlackTeam "VEN"]
[WhiteClock "0:00:54"]
[BlackClock "0:00:00"]

1. d4 Nf6 2. Bf4 g6 3. e3 Bg7 4. h4 O-O 5. h5 Nxh5 6. Rxh5 gxh5 7. Qxh5 Qe8 8. Nc3 c6 9. Bd3 f5 10. Qh2 d6 11. Nf3 Nd7 12. Ng5 Nf6 13. O-O-O Qg6 14. f3 b5 15. Rh1 h6 16. Nh3 b4 17. Ne2 Nd5 18. g4 b3 19. axb3 Nb4 20. gxf5 Nxd3+ 21. cxd3 Qxf5 22. Kc2 Qxh3 23. Qxh3 Bxh3 24. Rxh3 a5 25. Rh5 a4 26. bxa4 1-0

[Event "January 2 Late 2024"]
[Site "https://www.chess.com"]
[Date "2024.01.02"]
[Round "2"]
[White "Gasparyan, David"]
[Black "Poddubnyi, Viktor"]
[Result "1-0"]
[Board "167"]
[TimeControl "180+1"]
[WhiteFideId "13311980"]
[BlackFideId "4141989"]
[WhiteElo "2509"]
[BlackElo "2339"]
[WhiteTeam "USA"]
[BlackTeam "RUS"]
[WhiteClock "0:00:37"]
[BlackClock "0:00:00"]

1. Nf3 g6 2. d4 Bg7 3. e4 d6 4. Nc3 Nf6 5. Bc4 c6 6. Qe2 d5 7. exd5 cxd5 8. Bb5+ Nc6 9. Ne5 Bd7 10. Bxc6 bxc6 11. O-O O-O 12. Bf4 Rc8 13. Na4 Bf5 14. Nc5 Nd7 15. Nexd7 Bxd7 16. c3 h6 17. Qa6 Ra8 18. Rfe1 e6 19. Qb7 Be8 20. Na6 Rc8 21. Bd6 Bd7 22. Bxf8 Bxf8 23. a4 Bd6 24. a5 Ra8 25. b4 Be8 26. Nc5 Rb8 27. Qa6 Qh4 28. g3 Qh3 29. Qe2 h5 30. Nd3 h4 31. Ne5 hxg3 32. fxg3 Kg7 33. Rf1 Bxe5 34. Qxe5+ 1-0